 Dungeon Crawl Stone Soup version 0.27-a0-1217-g8a41f320e8 (webtiles) character file.

Game seed: 14135053447763818497

66703 Glokmah the Thaumaturge (level 15, -2/119 HPs)
             Began as a Gnoll Venom Mage on June 6, 2021.
             Was a Priest of Ashenzari.
             Slain by Donald
             ... wielding a +2 double sword of holy wrath
              (34 damage)
             ... on level 2 of the Orcish Mines.
             The game lasted 00:55:46 (23817 turns).

Glokmah the Thaumaturge (Gnoll Venom Mage)         Turns: 23817, Time: 00:55:47

Health: -2/119     AC: 23    Str: 15    XL:     15   Next: 20%
Magic:  4/31       EV: 19    Int: 26    God:    Ashenzari [***...]
Gold:   2057       SH:  0    Dex: 20    Spells: 15/39 levels left

rFire    + . .     SeeInvis +   b - +4 lajatang "Jipt" {vorpal, rPois Str+5 Int+6}
rCold    + . .     Faith    .   (shield currently unavailable)
rNeg     + . .     Spirit   .   j - +2 leather armour of the Esoteric Pantheism {Slay+2, Elem, Fort} (curse)
rPois    +         Reflect  .   h - +0 helmet
rElec    .         Harm     .   H - +1 cloak "Shattered Secrets" {Stlth+, Alch, Fort} (curse)
rCorr    .         Rampage  .   v - +1 pair of gloves of Ashenzari's Secrets {Bglg, Self} (curse)
Will     +....     Clarity  +   K - +0 pair of boots "Meleo" {rF+ rC+ rN+ Str-4}
Stlth    ++++++....             Q - amulet of magic regeneration
HPRegen  0.29/turn              P - ring of Ashenzari's Shame {Drain *Slow AC+4 Int+5 Dex+8, Alch, Elem} (curse)
MPRegen  0.47/turn              C - ring "Share My Frustration" {AC+4, Fort, Elem} (curse)

@: about to teleport
A: fangs 1, strong nose, distributed training
a: Renounce Religion, Curse Item, Shatter the Chains


You were on level 2 of the Orcish Mines.
You worshipped Ashenzari.
Ashenzari was most pleased with you.
You visited 4 branches of the dungeon, and saw 19 of its levels.
You also visited: Ossuary.

You collected 2057 gold pieces.

Inventory:

Hand Weapons
 a - a +4 lajatang of speed
 b - the +4 lajatang "Jipt" (weapon) {vorpal, rPois Str+5 Int+6}
   (You took it off a tengu warrior on level 10 of the Dungeon)

   It inflicts extra damage upon your enemies.
   It affects your strength (+5).
   It affects your intelligence (+6).
   It protects you from poison.
 N - the +10 mace of Pestilence {drain, Drain rPois Str+8 Int+2}
   (You found it on level 10 of the Dungeon)

   A truly terrible weapon, it drains the life of those it strikes.
   It affects your strength (+8).
   It affects your intelligence (+2).
   It protects you from poison.
   It drains your maximum health when unequipped.
Missiles
 g - 95 poisoned darts
 k - 2 throwing nets
 m - 12 javelins
 t - 11 curare-tipped darts
Armour
 h - a +0 helmet (worn)
 j - the cursed +2 leather armour of the Esoteric Pantheism (worn) {Slay+2, Elem, Fort}
   (You found it on level 4 of the Dungeon)

   It affects your accuracy and damage with ranged weapons and melee attacks
   (+2).
   It has a curse which improves the following skills: Elements: Fire Magic, Ice
   Magic, Air Magic and Earth Magic.
   Fortitude: Armour and Shields.
 v - the cursed +1 pair of gloves of Ashenzari's Secrets (worn) {Bglg, Self}
   (You found it on level 5 of the Dungeon)

   It has a curse which improves the following skills: Beguiling: Conjurations,
   Hexes and Translocations.
   Introspection: Fighting and Spellcasting.
 H - the cursed +1 cloak "Shattered Secrets" (worn) {Stlth+, Alch, Fort}
   (You took it off Maurice on level 9 of the Dungeon)

   It has a curse which improves the following skills: Alchemy: Poison Magic and
   Transmutations.
   Fortitude: Armour and Shields.
 J - a +1 pair of gloves of archery
 K - the +0 pair of boots "Meleo" (worn) {rF+ rC+ rN+ Str-4}
   (You found it on level 6 of the Lair of Beasts)

   It affects your strength (-4).
   It protects you from fire.
   It protects you from cold.
   It protects you from negative energy.
 R - a +0 buckler
Magical Staves
 l - a staff of earth
Jewellery
 y - a ring of protection from cold
 C - the cursed ring "Share My Frustration" (right hand) {AC+4, Fort, Elem}
   (You found it in an ossuary)

   [ring of protection]

   It affects your AC (+4).
   It has a curse which improves the following skills: Fortitude: Armour and
   Shields.
   Elements:  Fire Magic, Ice Magic, Air Magic and Earth Magic.
 P - the cursed ring of Ashenzari's Shame (left hand) {Drain *Slow AC+4 Int+5 Dex+8, Alch, Elem}
   (You found it on level 10 of the Dungeon)

   [ring of protection]

   It affects your AC (+4).
   It affects your intelligence (+5).
   It affects your dexterity (+8).
   It drains your maximum health when unequipped.
   It may slow you when you take damage.
   It has a curse which improves the following skills: Alchemy: Poison Magic and
   Transmutations.
   Elements:  Fire Magic, Ice Magic, Air Magic and Earth Magic.
 Q - an amulet of magic regeneration (around neck)
 X - a +4 ring of protection
 Z - a ring of flight
Wands
 n - a wand of charming (22)
 u - a wand of iceblast (8)
 w - a wand of flame (21) (quivered)
 F - a wand of digging (5)
 M - a wand of polymorph (7)
 T - a wand of paralysis (23)
Scrolls
 c - 4 scrolls of noise
 i - a scroll of teleportation
 x - 4 scrolls of blinking
 B - 2 scrolls of immolation
 G - a scroll of fear
 I - a scroll of fog
 O - 2 scrolls of amnesia
 S - 2 scrolls of enchant weapon
 W - 2 scrolls of magic mapping
 Y - a scroll of summoning
Potions
 d - 12 potions of curing
 e - 4 potions of haste
 f - 7 potions of might
 o - 2 potions of resistance
 p - 2 potions of magic
 q - a potion of ambrosia
 r - 3 potions of lignification
 z - a potion of heal wounds
 A - 4 potions of flight
 D - a potion of invisibility
 E - a potion of cancellation
 L - 4 potions of mutation
 V - 2 potions of berserk rage
Miscellaneous
 s - a piece from Xom's chessboard (15/15)
 U - a phial of floods


   Skills:
 + Level 9.9(11.6) Fighting
 + Level 9.9 Short Blades
 + Level 9.9 Long Blades
 + Level 9.9 Axes
 + Level 9.9 Maces & Flails
 + Level 9.9 Polearms
 + Level 9.9 Staves
 + Level 9.9 Slings
 + Level 9.9 Bows
 + Level 9.9 Crossbows
 + Level 9.9 Throwing
 + Level 9.9(13.5) Armour
 + Level 10.8 Dodging
 + Level 10.7 Stealth
 + Level 9.9(13.5) Shields
 + Level 9.9 Unarmed Combat
 + Level 11.0(12.6) Spellcasting
 + Level 8.3(10.2) Conjurations
 + Level 8.3(10.2) Hexes
 + Level 8.3 Summonings
 + Level 8.3 Necromancy
 + Level 8.3(10.2) Translocations
 + Level 8.6(11.4) Transmutations
 + Level 8.3(12.0) Fire Magic
 + Level 8.3(12.0) Ice Magic
 + Level 8.3(12.0) Air Magic
 + Level 8.3(12.0) Earth Magic
 + Level 10.0(12.7) Poison Magic
 + Level 10.7 Invocations
 + Level 9.9 Evocations


You had 15 spell levels left.
You knew the following spells:

 Your Spells              Type           Power      Damage    Failure   Level
a - Sting                 Tmut/Pois      100%       1d8       1%          1
b - Poisonous Vapours     Pois/Air       100%       N/A       1%          2
c - Ignite Poison         Fire/Tmut/Pois 68%        N/A       1%          3
d - Mephitic Cloud        Conj/Pois/Air  67%        N/A       1%          3
e - Olgreb's Toxic Radia  Pois           70%        N/A       1%          4
f - Slow                  Hex            62%        N/A       1%          2
g - Sticky Flame          Conj/Fire      65%        2d8       1%          4
h - Fireball              Conj/Fire      32%        3d14      1%          5

Your spell library contained the following spells:

 Spells                   Type           Power      Damage    Failure   Level
 Animate Skeleton         Necr           100%       N/A       1%          1
 Corona                   Hex            68%        N/A       1%          1
 Foxfire                  Conj/Fire      100%       2x1d9     1%          1
 Pain                     Necr           100%       1d9       1%          1
 Conjure Flame            Conj/Fire      65%        6-21      1%          3
 Inner Flame              Hex/Fire       65%        N/A       1%          3
 Portal Projectile        Hex/Tloc       100%       N/A       1%          3
 Vampiric Draining        Necr           28%        2d10      1%          3
 Animate Dead             Necr           28%        N/A       1%          4
 Cause Fear               Hex            31%        N/A       1%          4
 Leda's Liquefaction      Hex/Erth       32%        N/A       1%          4
 Agony                    Necr           56%        N/A       3%          5


Dungeon Overview and Level Annotations

Branches:
Dungeon (10/15)            Temple (1/1) D:6            Lair (6/6) D:10
  Swamp (0/4) Lair:4        Snake (0/4) Lair:2        Slime (0/5) Lair:5
    Orc (2/2) D:9             Elf (0/3) Orc:2       Ossuary (visited)

Altars:
Ashenzari
Cheibriados
Dithmenos
Elyvilon
Fedhas
Gozag
Hepliaklqana
Kikubaaqudgha
Makhleb
Nemelex Xobeh
Okawaru
Qazlal
Ru
Sif Muna
Trog
Uskayaw
Vehumet
Wu Jian
Xom
Yredelemnul
Zin
The Shining One
Beogh
Jiyva

Shops:
D:1 *

Annotations:
Lair:6 exclusion: obsidian statue
Orc:2 Donald


Innate Abilities, Weirdness & Mutations

You have very sharp teeth.
Your uncanny sense of smell can sniff out nearby items.
Your experience applies equally to all skills.


Message History

The ball explodes into a vile cloud!
The stinking cloud engulfs the centaur but does no damage.
The stinking cloud engulfs Donald but does no damage.
Donald is severely wounded.
You hear a shout! x6
Donald hits you with a +2 double sword of holy wrath!!
The centaur is engulfed in noxious fumes.
The centaur appears confused.
The centaur shouts, "What's happening?!"
Donald hits you with a +2 double sword of holy wrath!
* * * LOW HITPOINT WARNING * * *
The centaur is engulfed in noxious fumes.
The centaur appears confused.
Okay, then.
You feel better. Donald misses you.
The centaur is engulfed in noxious fumes.
The centaur appears confused.
Casting: Mephitic Cloud (safe; 1% risk of failure)
Confirm with . or Enter, or press ? or * to list all spells.
You don't have enough magic to cast this spell.
Unknown command.
The hell hound bites you.
* * * LOW HITPOINT WARNING * * *
A centaur comes into view.
The centaur is engulfed in noxious fumes.
Donald misses you.
The hell hound bites you but does no damage.
Unknown command.
Okay, then.
As you read the scroll of teleportation, it crumbles to dust.
You feel strangely unstable.
The centaur gestures wildly.
The centaur is engulfed in noxious fumes.
Donald hits you with a +2 double sword of holy wrath.
* * * LOW HITPOINT WARNING * * *
The hell hound bites you but does no damage.
Donald blocks your attack.
Donald is severely wounded.
Donald hits you with a +2 double sword of holy wrath!!
You die...

.......# #.#.....#
#.(((((.... .....###
###....## #...(......
.....# #.#..#
##.......... #.####
#.#### #...#...##.# ##.#
### ##.......### ###
##........#
#######.........#
##..##.#........##
#..@hc..#...#.###
##.@h°○.#....## *
###########c.§.......# *
,...........☼§..........
..........{...c.........
#..##.o##...###...##..##
, ........≈≈# ≈≈......
.....{...≈≈≈# *≈≈≈.. ,
.....@.≈≈≈≈##* ≈≈


You could see Donald (fast, strong), 2 hell hounds and 3 centaurs.

Vanquished Creatures
  5 dire elephants (Lair:6)
  A boulder beetle (D:10)
  An ice dragon (Lair:6)
  2 hydras
  An ogre mage (D:10)
  2 centaur warriors (D:10)
  5 two-headed ogres
  A tengu warrior (D:10)
  2 spectral dire elephants (Lair:6)
  12 death yaks
  Sonja (Orc:2)
  A spectral anaconda (Lair:6)
  A spectral death yak (Lair:6)
  A lindwurm (Lair:6)
  3 necromancers (Lair:6)
  An orc knight (D:10)
  2 orc sorcerers
  3 cyclopes
  An ugly thing (D:10)
  Maurice (D:9)
  A dire elephant zombie (Lair:6)
  26 elephants (Lair:6)
  7 black mambas
  A gargoyle (D:10)
  9 cane toads
  10 komodo dragons
  A dire elephant skeleton (Lair:6)
  A yaktaur (D:10)
  2 polar bears
  4 trolls
  5 blink frogs (Lair:6)
  4 spectral elephants (Lair:6)
  7 dream sheep (Lair:4)
  A shadow (D:10)
  2 dire elephant simulacra (Lair:6)
  Sigmund (D:3)
  14 yaks
  4 wyverns
  A wraith (D:9)
  A steam dragon (D:8)
  2 wargs
  Menkaure (D:6)
  3 spectral cane toads (Lair:6)
  2 nagas (Lair:2)
  An acid dragon (D:9)
  A hell hound (Orc:2)
  15 water moccasins
  3 sky beasts
  22 orc warriors
  5 elephant zombies (Lair:6)
  A black bear (shapeshifter) (D:10)
  2 necrophages (D:6)
  5 ogres
  16 wolves
  12 centaurs
  4 elephant skeletons (Lair:6)
  A phantom (D:6)
  3 kobold brigands
  5 bullfrogs
  13 scorpions
  4 cane toad simulacra (Lair:6)
  3 water moccasin zombies (D:4)
  2 elephant simulacra (Lair:6)
  12 wights
  2 electric eels (Lair:6)
  2 howler monkeys
  8 centaur zombies
  A hound (D:7)
  A bullfrog skeleton (D:5)
  A human zombie (Ossuary)
  3 gnoll shamans
  12 orc priests
  A centaur skeleton (D:6)
  2 iguanas
  19 orc wizards
  9 scorpion zombies
  6 hell rats (Lair:1)
  A killer bee zombie (D:8)
  A hound zombie (D:4)
  3 mummies (Ossuary)
  17 gnolls
  6 adders
  A howler monkey skeleton (D:4)
  2 white imps (Lair:6)
  2 adder zombies (D:4)
  An adder skeleton (D:4)
  2 worms
  The ghost of glosham the Sneak, a weakling DjDe (D:6)
  2 dart slugs (D:3)
  80 orcs
  4 bats
  5 endoplasms
  10 giant cockroaches
  8 goblins
  9 hobgoblins
  5 quokkas
  9 ball pythons
  4 frilled lizards
  3 gnoll zombies (Ossuary)
  4 hobgoblin zombies (Ossuary)
  18 kobolds
  2 kobold zombies (Ossuary)
  3 orc zombies (Ossuary)
  8 rats
565 creatures vanquished.

Vanquished Creatures (others)
  3 bushes (D:10)
  21 fungi
  61 plants
  31 withered plants
116 creatures vanquished.

Grand Total: 681 creatures vanquished

Notes
Turn   | Place    | Note
-------+----------+-------------------------------------------
     0 | D:1      | Glokmah the Gnoll Venom Mage began the quest for the Orb.
     0 | D:1      | Reached XP level 1. HP: 13/13 MP: 6/6
   455 | D:1      | Reached XP level 2. HP: 19/19 MP: 3/7
   533 | D:1      | Found Tadgh's General Store.
   630 | D:1      | Learned a level 2 spell: Poisonous Vapours
  1015 | D:2      | Reached skill level 5 in Spellcasting
  1015 | D:2      | Reached XP level 3. HP: 25/25 MP: 3/9
  1548 | D:2      | Reached skill level 1 in Invocations
  1860 | D:2      | Reached skill level 1 in Fighting
  1860 | D:2      | Reached skill level 1 in Short Blades
  1860 | D:2      | Reached skill level 1 in Long Blades
  1860 | D:2      | Reached skill level 1 in Axes
  1860 | D:2      | Reached skill level 1 in Maces & Flails
  1860 | D:2      | Reached skill level 1 in Polearms
  1860 | D:2      | Reached skill level 1 in Staves
  1860 | D:2      | Reached skill level 1 in Slings
  1860 | D:2      | Reached skill level 1 in Bows
  1860 | D:2      | Reached skill level 1 in Crossbows
  1860 | D:2      | Reached skill level 1 in Throwing
  1860 | D:2      | Reached skill level 1 in Armour
  1860 | D:2      | Reached skill level 1 in Shields
  1860 | D:2      | Reached skill level 1 in Unarmed Combat
  1860 | D:2      | Reached skill level 1 in Evocations
  1860 | D:2      | Reached XP level 4. HP: 32/32 MP: 4/11
  1921 | D:2      | Learned a level 3 spell: Ignite Poison
  2513 | D:3      | Found a faded altar of an unknown god.
  2732 | D:3      | Noticed Sigmund
  2736 | D:3      | Killed Sigmund
  2736 | D:3      | Noticed a scorpion
  2737 | D:3      | Reached skill level 1 in Conjurations
  2737 | D:3      | Reached skill level 1 in Hexes
  2737 | D:3      | Reached skill level 1 in Summonings
  2737 | D:3      | Reached skill level 1 in Necromancy
  2737 | D:3      | Reached skill level 1 in Translocations
  2737 | D:3      | Reached skill level 1 in Fire Magic
  2737 | D:3      | Reached skill level 1 in Ice Magic
  2737 | D:3      | Reached skill level 1 in Air Magic
  2737 | D:3      | Reached skill level 1 in Earth Magic
  2737 | D:3      | Reached XP level 5. HP: 38/38 MP: 2/12
  2776 | D:3      | Reached XP level 6. HP: 38/44 MP: 2/14
  2952 | D:3      | Found an opulent altar of Gozag.
  3065 | D:3      | Reached skill level 5 in Dodging
  3332 | D:3      | Learned a level 3 spell: Mephitic Cloud
  3808 | D:3      | Learned a level 4 spell: Olgreb's Toxic Radiance
  4252 | D:4      | Reached XP level 7. HP: 50/50 MP: 15/15
  4808 | D:4      | Reached skill level 5 in Stealth
  4989 | D:4      | Identified the +2 leather armour of Anaesthesia {Slay+2}
  5415 | D:5      | Entered Level 5 of the Dungeon
  5538 | D:5      | Reached XP level 8. HP: 49/57 MP: 1/16
  5686 | D:5      | Reached skill level 6 in Spellcasting
  6737 | D:6      | Found a runed translucent gate.
  6737 | D:6      | Found a runed translucent gate.
  6738 | D:6      | Found a sand-covered staircase.
  6744 | Ossuary  | Entered an ossuary
  6769 | Ossuary  | Reached XP level 9. HP: 65/65 MP: 14/18
  7769 | D:6      | Found a staircase to the Ecumenical Temple.
  7781 | Temple   | Entered the Ecumenical Temple
  7885 | Temple   | Became a worshipper of Ashenzari the Shackled
  7973 | D:6      | Found a runed translucent gate.
  7978 | D:6      | Noticed glosham's ghost (weakling DjDe)
  7988 | D:6      | Killed glosham's ghost
  8393 | D:6      | Reached skill level 5 in Invocations
  8452 | D:6      | Noticed Menkaure
  8455 | D:6      | Killed Menkaure
  8798 | D:7      | Reached skill level 7 in Spellcasting
  8855 | D:7      | Reached XP level 10. HP: 73/73 MP: 10/20
  9155 | D:7      | Found an iron altar of Okawaru.
  9234 | D:7      | Learned a level 2 spell: Slow
  9450 | D:8      | Noticed a two-headed ogre
  9600 | D:8      | Killed a two-headed ogre
  9601 | D:8      | Reached skill level 5 in Fighting
  9601 | D:8      | Reached skill level 5 in Short Blades
  9601 | D:8      | Reached skill level 5 in Long Blades
  9601 | D:8      | Reached skill level 5 in Axes
  9601 | D:8      | Reached skill level 5 in Maces & Flails
  9601 | D:8      | Reached skill level 5 in Polearms
  9601 | D:8      | Reached skill level 5 in Staves
  9601 | D:8      | Reached skill level 5 in Slings
  9601 | D:8      | Reached skill level 5 in Bows
  9601 | D:8      | Reached skill level 5 in Crossbows
  9601 | D:8      | Reached skill level 5 in Throwing
  9601 | D:8      | Reached skill level 5 in Armour
  9601 | D:8      | Reached skill level 5 in Shields
  9601 | D:8      | Reached skill level 5 in Unarmed Combat
  9601 | D:8      | Reached skill level 5 in Evocations
 10203 | D:8      | Reached skill level 5 in Transmutations
 10343 | D:8      | Found a sacrificial altar of Ru.
 10544 | D:9      | Noticed a two-headed ogre
 10550 | D:9      | Killed a two-headed ogre
 10941 | D:9      | Noticed a two-headed ogre
 10952 | D:9      | Killed a two-headed ogre
 10953 | D:9      | Reached XP level 11. HP: 81/81 MP: 11/22
 11187 | D:9      | Reached * piety under Ashenzari
 11229 | D:9      | Found a staircase to the Orcish Mines.
 11667 | D:9      | Noticed Maurice
 11673 | D:9      | Killed Maurice
 11674 | D:9      | Reached skill level 5 in Conjurations
 11674 | D:9      | Reached skill level 5 in Hexes
 11674 | D:9      | Reached skill level 5 in Summonings
 11674 | D:9      | Reached skill level 5 in Necromancy
 11674 | D:9      | Reached skill level 5 in Translocations
 11674 | D:9      | Reached skill level 5 in Fire Magic
 11674 | D:9      | Reached skill level 5 in Ice Magic
 11674 | D:9      | Reached skill level 5 in Air Magic
 11674 | D:9      | Reached skill level 5 in Earth Magic
 11878 | D:9      | Reached skill level 8 in Spellcasting
 12263 | D:10     | Entered Level 10 of the Dungeon
 12370 | D:10     | Found a blossoming altar of Fedhas.
 12563 | D:10     | Identified the ring of Jeiloblu {Drain *Slow AC+4 Int+5
                  | Dex+8}
 12563 | D:10     | Noticed a cyan ugly thing
 12567 | D:10     | Killed a cyan ugly thing
 12568 | D:10     | Noticed an ogre mage
 12569 | D:10     | Noticed an orc knight
 12571 | D:10     | Noticed a centaur warrior
 12579 | D:10     | Killed a centaur warrior
 12585 | D:10     | Noticed a tengu warrior
 12818 | D:10     | Reached ** piety under Ashenzari
 12840 | D:10     | Noticed a cyclops
 12848 | D:10     | Killed a cyclops
 12951 | D:10     | Identified the +10 mace of Pestilence {drain, Drain rPois
                  | Str+8 Int+2}
 12955 | D:10     | Killed an orc knight
 13121 | D:10     | Noticed a boulder beetle
 13147 | D:10     | Killed a boulder beetle
 13197 | D:10     | Identified the +4 lajatang "Jipt" {vorpal, rPois Str+5
                  | Int+6}
 13214 | D:10     | Killed a tengu warrior
 13436 | D:10     | Killed an ogre mage
 13437 | D:10     | Reached XP level 12. HP: 71/90 MP: 11/26
 13739 | D:10     | Noticed a centaur warrior
 13741 | D:10     | Killed a centaur warrior
 13927 | D:10     | Found a staircase to the Lair.
 14003 | D:10     | Noticed a two-headed ogre
 14007 | D:10     | Killed a two-headed ogre
 14016 | Lair:1   | Entered Level 1 of the Lair of Beasts
 14083 | Lair:1   | Learned a level 4 spell: Sticky Flame
 14089 | Lair:1   | Learned a level 5 spell: Fireball
 14234 | Lair:1   | Reached skill level 9 in Spellcasting
 14868 | Lair:2   | Found a staircase to the Snake Pit.
 15151 | Lair:2   | Noticed a death yak
 15154 | Lair:2   | Noticed a death yak
 15157 | Lair:2   | Noticed a death yak
 15159 | Lair:2   | Killed a death yak
 15166 | Lair:2   | Killed a death yak
 15168 | Lair:2   | Killed a death yak
 15444 | Lair:2   | Found a radiant altar of Vehumet.
 15909 | Lair:2   | Noticed a death yak
 15919 | Lair:2   | Killed a death yak
 16020 | Lair:3   | Reached XP level 13. HP: 99/101 MP: 16/27
 16922 | Lair:4   | Reached *** piety under Ashenzari
 17251 | Lair:4   | Found a staircase to the Swamp.
 17475 | Lair:4   | Found a sacrificial altar of Ru.
 18326 | Lair:5   | Found a viscous altar of Jiyva.
 18326 | Lair:5   | Found a staircase to the Slime Pits.
 18504 | Lair:6   | Entered Level 6 of the Lair of Beasts
 18557 | Lair:6   | Reached skill level 10 in Spellcasting
 18799 | Lair:6   | Reached XP level 14. HP: 64/111 MP: 12/29
 18806 | Lair:6   | Reached skill level 10 in Dodging
 19556 | Lair:6   | Reached skill level 10 in Stealth
 19692 | Lair:6   | Noticed a dire elephant
 19692 | Lair:6   | Noticed a dire elephant
 19693 | Lair:6   | Identified the +0 pair of boots "Meleo" {rF+ rC+ rN+ Str-4}
 19693 | Lair:6   | Noticed a dire elephant
 19693 | Lair:6   | Noticed a dire elephant
 19698 | Lair:6   | Noticed a dire elephant
 19881 | Lair:6   | Reached skill level 10 in Invocations
 20303 | Lair:6   | Killed a dire elephant
 20306 | Lair:6   | Killed a dire elephant
 20307 | Lair:6   | Killed a dire elephant
 20316 | Lair:6   | Killed a dire elephant
 20560 | Lair:6   | Killed a dire elephant
 22122 | Orc:1    | Entered Level 1 of the Orcish Mines
 22137 | Orc:1    | Reached XP level 15. HP: 119/119 MP: 16/31
 22460 | Orc:2    | Entered Level 2 of the Orcish Mines
 22460 | Orc:2    | Found a staircase to the Elven Halls.
 22603 | Orc:2    | Noticed Sonja
 22617 | Orc:2    | Killed Sonja
 23196 | Orc:1    | Reached skill level 11 in Spellcasting
 23798 | Orc:2    | Noticed Donald
 23813 | Orc:2    | Reached skill level 10 in Poison Magic
 23817 | Orc:2    | Slain by Donald

Illustrated notes

Levels and vault maps discovered:
D:1:      minmay_arrival_stair_chambers, layout_loops_ring, serial_shops, shop
D:2:      layout_basic, kennysheep_generic_room_4
D:3:      minmay_octagon_keep, layout_rooms, nicolae_gozag_seed_capital,
          ebering_ecumenical_altar_ruins, uniq_sigmund
D:4:      layout_loops_cross, gup_sewer_entry_pipe, serial_undead,
          serial_undead_e, serial_undead_d, serial_undead_b, serial_undead_e
D:5:      layout_gridville, chequers_jeans
D:6:      layout_gridville, minmay_temple_entry_offerings,
          ebering_ghost_rock_garden, nicolae_ossuary_entry_plus, uniq_menkaure
D:7:      layout_rooms, okawaru_altar_gauntlet_db, chequers_serial_rivers_marsh,
          chequers_serial_rivers_small_a
D:8:      layout_basic, general_overflow_altar
D:9:      layout_basic, minmay_orc_entry_temple_small,
          hellmonk_bongcloud_opening, roderic_roman_lattice, uniq_maurice
D:10:     layout_roguey, fedhas_bush_and_centaur_altar, lair_entry_dummy,
          glass_columns_b, minmay_the_grid_2x2 [minmay_the_grid_empty,
          minmay_the_grid_minigrid_large, minmay_the_grid_large_cup,
          minmay_the_grid_prize_four_corners_diamond_a]
Temple:   compressed_dpeg_circular_temple
Lair:1:   layout_roguey, hibernation_bobbens, grunt_megastairs_3
Lair:2:   layout_roguey, minmay_snake_entry_guardpost_small, basic_altar,
          serial_bayou_pond_e, cheibrodos_lair_reptile_den
Lair:3:   layout_regular_city, fungi_pond_lemuel, serial_bayou_shore_a
Lair:4:   layout_regular_city, minmay_swamp_entry_reptiles,
          minmay_stone_trees_small, st_stairs_11, lemuel_centaur_altar
Lair:5:   layout_hall_layers, dpeg_slime_entry_enclosed_altar,
          patterned_corridor, lemuel_fruit_tree
Lair:6:   due_jungle_book, layout_misc_corridors, serial_bayou,
          serial_bayou_lake_a, serial_bayou_pond_a, serial_bayou_lagoon_a,
          serial_bayou_pond_c, st_stairs_12, bobbens_ice_dragon_lair
Orc:1:    minmay_goldmine, layout_caves
Orc:2:    st_orc_rangers, layout_diamond_mine, basic_altar,
          nicolae_orc_rockfall, uniq_sonja, uniq_donald, uniq_erolcha,
          uniq_azrael

Skill      XL: |  1  2  3  4  5  6  7  8  9 10 11 12 13 14 15 |
---------------+----------------------------------------------+-----
Transmutations | 2 3 4 5 6 7 8 |  8.6
Spellcasting   | 5 6 7 8 9 10 11 | 11.0
Invocations    | 1 2 3 4 5 6 7 8 9 10 | 10.7
Fighting       | 1 2 3 4 5 6 7 8 9 |  9.9
Short Blades   | 1 2 3 4 5 6 7 8 9 |  9.9
Long Blades    | 1 2 3 4 5 6 7 8 9 |  9.9
Axes           | 1 2 3 4 5 6 7 8 9 |  9.9
Maces & Flails | 1 2 3 4 5 6 7 8 9 |  9.9
Polearms       | 1 2 3 4 5 6 7 8 9 |  9.9
Staves         | 1 2 3 4 5 6 7 8 9 |  9.9
Slings         | 1 2 3 4 5 6 7 8 9 |  9.9
Bows           | 1 2 3 4 5 6 7 8 9 |  9.9
Crossbows      | 1 2 3 4 5 6 7 8 9 |  9.9
Throwing       | 1 2 3 4 5 6 7 8 9 |  9.9
Armour         | 1 2 3 4 5 6 7 8 9 |  9.9
Shields        | 1 2 3 4 5 6 7 8 9 |  9.9
Unarmed Combat | 1 2 3 4 5 6 7 8 9 |  9.9
Evocations     | 1 2 3 4 5 6 7 8 9 |  9.9
Conjurations   | 1 2 3 4 5 6 7 8 |  8.3
Hexes          | 1 2 3 4 5 6 7 8 |  8.3
Summonings     | 1 2 3 4 5 6 7 8 |  8.3
Necromancy     | 1 2 3 4 5 6 7 8 |  8.3
Translocations | 1 2 3 4 5 6 7 8 |  8.3
Fire Magic     | 1 2 3 4 5 6 7 8 |  8.3
Ice Magic      | 1 2 3 4 5 6 7 8 |  8.3
Air Magic      | 1 2 3 4 5 6 7 8 |  8.3
Earth Magic    | 1 2 3 4 5 6 7 8 |  8.3
Dodging        | 5 6 7 8 9 10 | 10.8
Stealth        | 5 6 7 8 9 10 | 10.7
Poison Magic   | 6 7 8 9 10 | 10.0

Action                   |  1- 3 |  4- 6 |  7- 9 | 10-12 | 13-15 || total
-------------------------+-------+-------+-------+-------+-------++-------
Melee: Unarmed           |     1 |       |       |       |       ||     1
       Dagger            |    34 |       |       |       |       ||    34
       Bite              |     6 |     3 |    16 |    17 |    46 ||    88
       Rapier            |       |    28 |       |       |       ||    28
       Lajatang          |       |    14 |   161 |   131 |   216 ||   522
       Mace              |       |       |       |    25 |       ||    25
 Cast: Sting             |    19 |    29 |     7 |    18 |     1 ||    74
       Poisonous Vapours |    30 |    36 |    33 |    63 |   108 ||   270
       Ignite Poison     |       |     1 |    30 |    55 |    79 ||   165
       Olgreb's Toxic Ra |       |     1 |     7 |    25 |    57 ||    90
       Mephitic Cloud    |       |       |    21 |    26 |    15 ||    62
       Slow              |       |       |       |     1 |       ||     1
       Fireball          |       |       |       |     8 |    52 ||    60
       Sticky Flame      |       |       |       |       |     6 ||     6
Invok: Curse Item        |       |       |     1 |     3 |     1 ||     5
Evoke: Wand              |       |     3 |       |       |     6 ||     9
  Use: Scroll            |       |    10 |     7 |     3 |     2 ||    22
       Potion            |       |       |       |       |     1 ||     1
 Stab: Sleeping          |     2 |       |     1 |     3 |       ||     6
       Distracted        |       |       |     1 |     1 |       ||     2
Armor: Robe              |     2 |     6 |    16 |       |       ||    24
       Leather armour    |       |       |    30 |    53 |   126 ||   209
Dodge: Dodged            |    24 |    43 |    87 |   126 |   216 ||   496

Table legend: (Time is in decaauts)
 A = Elapsed time spent in this place.
 B = Non-inter-level travel time spent in this place.
 C = Inter-level travel time spent in this place.
 D = Time resting spent in this place.
 E = Time spent auto-exploring this place.
 F = Levels seen in this place.
 G = Mean time per level.
                   A        B        C        D        E       F      G
               +--------+--------+--------+--------+--------+-----+--------+
         Total |  23873 |  22508 |   1365 |   5093 |  13210 |  20 | 1193.7 |
       Dungeon |  13007 |  12199 |    808 |   2636 |   7484 |  10 | 1300.7 |
        Temple |    132 |    105 |     27 |      0 |     92 |   1 |  132.0 |
          Lair |   8156 |   7698 |    458 |   1685 |   4730 |   6 | 1359.3 |
  Orcish Mines |   1693 |   1622 |     71 |    316 |    804 |   2 |  846.5 |
       Ossuary |    882 |    882 |      0 |    456 |    100 |   1 |  882.0 |
               +--------+--------+--------+--------+--------+-----+--------+

Top non-repeatable levels by time:
  Lair:6: 3236 daAuts
     D:2: 1749 daAuts
    D:10: 1714 daAuts
     D:9: 1528 daAuts
     D:3: 1466 daAuts
     D:4: 1338 daAuts
     D:8: 1260 daAuts
     D:5: 1181 daAuts
  Lair:4: 1131 daAuts
   Orc:1: 1101 daAuts
     D:6: 1100 daAuts
  Lair:2: 1066 daAuts
  Lair:5: 947 daAuts
     D:1: 918 daAuts
  Lair:1: 897 daAuts
